 Dungeon Crawl Stone Soup version 0.31.0-10-gcf4a605ca0 (webtiles) character file.

Game seed: 10023451423606979759

12 croobank the Caller (level 2, -2/19 (20) HPs)
             Began as a Demonspawn Summoner on Jan 26, 2024.
             Slain by Terence
             ... wielding the +7 Throatcutter {drain, coup de grace}
              (11 damage)
             ... on level 2 of the Dungeon.
             The game lasted 00:04:13 (1082 turns).

croobank the Caller (Demonspawn Summoner)           Turns: 1082, Time: 00:04:14

HP:   -2/19 (20)    AC:  3    Str:  8    XL:     2   Next: 20%
MP:   0/5           EV: 12    Int: 15    God:
Gold: 11            SH:  0    Dex: 13    Spells: 2/5 levels left

rFire   . . .        l - +0 short sword
rCold   . . .        (no shield)
rNeg    . . .        a - +0 robe
rPois   .            (no helmet)
rElec   .            (no cloak)
rCorr   .            (no gloves)
SInv    .            n - +0 pair of boots
Will    .....        (no amulet)
Stlth   ++           (no ring)
HPRegen 0.23/turn    (no ring)
MPRegen 0.09/turn

%: no passive effects
@: drained
A: powered by death 1
a: no special abilities


You were on level 2 of the Dungeon.
You visited 1 branch of the dungeon, and saw 2 of its levels.

You collected 11 gold pieces.

Inventory:

Hand Weapons
 l - a +0 short sword (weapon)
 m - a +0 dagger
Missiles
 d - 2 javelins (quivered)
 f - a throwing net
Armour
 a - a +0 robe (worn)
 c - a +0 ring mail
 n - a +0 pair of boots (worn)
Talismans
 h - a dragon-blood talisman
Scrolls
 i - a scroll of butterflies {unknown}
 j - 2 scrolls of enchant weapon {unknown}
 k - a scroll of blinking {unknown}
Potions
 b - a potion of magic
 e - a potion of attraction {unknown}
 g - a potion of cancellation {unknown}


   Skills:
 + Level 0.4 Fighting
 + Level 2.0 Dodging
 + Level 2.0 Stealth
 + Level 2.1 Spellcasting
 + Level 4.1 Summonings


You had 2 spell levels left.
You knew the following spells:

 Your Spells              Type           Power      Damage    Failure   Level
a - Summon Small Mammal   Summ           56%        N/A       4%          1
b - Call Imp              Summ           28%        N/A       6%          2

Your spell library contained the following spells:

 Spells                   Type           Power      Damage    Failure   Level
 Call Canine Familiar     Summ           14%        N/A       12%         3
 Summon Blazeheart Golem  Fire/Summ      7%         N/A       67%         4
 Summon Lightning Spire   Summ/Air       7%         N/A       67%         4


Dungeon Overview and Level Annotations

Branches:
Dungeon (2/15)

Altars:

Annotations:
D:2 Terence


Innate Abilities, Weirdness & Mutations

You regenerate a little health from kills.


Message History

Terence hits your rat with the +7 Throatcutter {drain, coup de grace}!
Your rat dies!
Your rat's corpse disappears in a puff of smoke!
A kobold comes into view. It is wielding a +0 club.
Terence hits your quokka with the +7 Throatcutter {drain, coup de grace}!
Your quokka dies!
Your quokka's corpse disappears in a puff of smoke!
The kobold moves out of view.
Okay, then.
Terence shouts, "ATTACK!!!"
Okay, then.
Throw: 4 javelins
Press: ? - help, Q - select action, (/) - cycle Shift-Dir - straight line, f/p - Terence
Aim: Terence, wielding the +7 Throatcutter {drain, coup de grace} and wearing a +0 ring mail (56% to hit)
You throw a javelin.
The javelin pierces through Terence but does no damage.
There is a stone staircase leading up here.
Throw: 3 javelins
Press: ? - help, Q - select action, (/) - cycle Shift-Dir - straight line, f/p - Terence
Aim: Terence, wielding the +7 Throatcutter {drain, coup de grace} and wearing a +0 ring mail (56% to hit)
You throw a javelin. The javelin barely misses Terence.
Okay, then.
Okay, then.
Okay, then.
Casting: Summon Small Mammal (safe; 4% risk of failure)
Confirm with . or Enter, or press ? or * to list all spells.
A tiny devil pulls itself out of the air.
Terence barely misses you. Terence attacks as he pursues you!
Terence hits you with the +7 Throatcutter {drain, coup de grace}!
Ouch! That really hurt!
You feel drained.
Your cerulean imp hits Terence from afar with a -3 spear.
Your cerulean imp barely misses Terence.
Casting: Call Imp (safe; 6% risk of failure)
Confirm with . or Enter, or press ? or * to list all spells.
Terence hits you with the +7 Throatcutter {drain, coup de grace}!
Ouch! That really hurt!
You die...
Terence says, "That felt goooood."

################ ##
#......##......####.
###.##.#......##. #
#.b.......#.#.##.
#.##.<..#.#..#.#.##.
#..@@...#.#..#....).
###5.....(....(#.##.
#.......#....#.##.
#..............##.
###...#...†...###@
#...#.......# #.
....####.........
.###.# #......##. ..
##........


You could see Terence (ally target), a friendly cerulean imp (summoned) and a
friendly bat (summoned).

Vanquished Creatures
  A quokka (D:1)
  A bat (D:1)
2 creatures vanquished.

Vanquished Creatures (collateral kills)
  An orc (D:2)
  An endoplasm (D:1)
  A goblin (D:1)
  A hobgoblin (D:1)
  A ball python (D:2)
  A bat (D:1)
  A kobold (D:1)
  3 rats (D:1)
10 creatures vanquished.

Grand Total: 12 creatures vanquished

Notes
Turn   | Place    | Note
-------+----------+-------------------------------------------
     0 | D:1      | croobank the Demonspawn Summoner began the quest for the
                  | Orb.
     0 | D:1      | Reached XP level 1. HP: 13/13 MP: 3/3
   549 | D:1      | Gained mutation: You regenerate a little health from kills.
                  | [demonic ancestry]
   549 | D:1      | Reached XP level 2. HP: 4/20 MP: 3/5
   622 | D:1      | Learned a level 2 spell: Call Imp
  1057 | D:2      | Noticed Terence
  1082 | D:2      | Slain by Terence

Illustrated notes

Levels and vault maps discovered:
D:1:      dpeg_arrival_tiny_a, layout_basic
D:2:      layout_loops_cross, basic_altar, minmay_misc_feat_x,
          minmay_misc_feat_cross, uniq_terence

Skill      XL: |  1  2 |
---------------+-------+-----
Stealth        | 2 |  2.0
Dodging        | 2 |  2.0
Fighting       | |  0.4
Spellcasting   | |  2.1
Summonings     | |  4.1

Action                     || total
---------------------------++-------
  Melee: Short sword       ||    11
         Unarmed           ||     3
  Throw: Javelin           ||     2
   Cast: Summon Small Mamm ||    21
         Call Imp          ||     4
 Armour: Robe              ||    17
  Dodge: Dodged            ||    19
